[Event "Team 45 45 League T53"]
[Site "Internet Chess Club"]
[Date "2012.05.25"]
[Round "2"]
[White "TwoEqualsOne"]
[Black "frank001"]
[Result "0-1"]
[WhiteElo "1812"]
[BlackElo "1765"]
[Opening "King's Indian defense, 3.Nc3"]
[ECO "E70"]
[Time "23:07:56"]
[TimeControl "2700+45"]

1. d4 Nf6 2. c4 g6 3. Nc3 d6 4. e4 Bg7 5. Bd3 O-O 6. Nge2 Nc6 7. O-O Nh5 8. Be3
e5 9. d5 Ne7 10. h3 f5 11. exf5 gxf5 12. f3 f4 13. Bf2 Kh8 14. Qc2 Nf5 15. Ne4
b6 16. Kh2 Bd7 17. g4 fxg3+ 18. N4xg3 Nfxg3 19. Nxg3 Nf4 20. Bf5 Bxf5 21. Nxf5
Qg5 22. Ne3 Bh6 23. Rg1 Qh5 24. Rg3 Ng6 25. Ng4 Bf4 26. Kg2 Bxg3 27. Bxg3 Nf4+
28. Bxf4 Rxf4 29. b3 Raf8 30. Rf1 Qg5 31. Qd2 h5 {White resigns} 0-1

[Event "Team 45 45 League T53"]
[Site "Internet Chess Club"]
[Date "2012.05.28"]
[Round "2"]
[White "Juan73"]
[Black "ILRE"]
[Result "1-0"]
[WhiteElo "1659"]
[BlackElo "1607"]
[Opening "French: exchange variation"]
[ECO "C01"]
[Time "20:04:41"]
[TimeControl "2700+45"]

1. e4 e6 2. d4 d5 3. exd5 exd5 4. Nc3 c6 5. Bd3 Bd6 6. Nf3 Ne7 7. Be3 Bf5 8. h3
Bxd3 9. Qxd3 Nd7 10. O-O-O Qc7 11. Nh4 g6 12. Rde1 O-O-O 13. Nf3 Bf4 14. Bxf4
Qxf4+ 15. Qe3 Qxe3+ 16. fxe3 f6 17. e4 dxe4 18. Nxe4 Kc7 19. Nxf6 Nxf6 20. Rxe7+
Kb8 21. c4 Ng8 22. Rf7 Nh6 23. Rf4 Nf5 24. Kd2 Rhe8 25. g4 Nd6 26. Kd3 Rf8 27.
Rxf8 Rxf8 28. Ne5 Kc7 29. c5 Nc8 30. Rh2 Ne7 31. Ke2 Nd5 32. a3 g5 33. Nd3 h6
34. Rf2 Re8+ 35. Kd2 Re7 36. Re2 Rf7 37. Re6 Rf6 38. Rxf6 Nxf6 39. Ne5 Ng8 40.
Ke3 Kd8 41. Ke4 Ke7 42. Kf5 Nf6 43. a4 Nd5 44. Kg6 Nf4+ 45. Kxh6 Nxh3 46. Kg6
Ke6 47. Nf3 Kd5 48. Nxg5 Nf2 49. Kf5 Kxd4 50. Ne6+ Kd5 51. g5 Ne4 52. g6 Ng3+
53. Kf6 Nh5+ 54. Kg5 Ng3 55. Nf4+ Ke5 56. Nd3+ Ke6 57. Nf4+ Ke5 58. g7 Ne4+ 59.
Kg6 Nf6 60. Nh5 Ng8 61. Kh7 Ne7 62. Ng3 Kf4 63. Nh5+ Kg5 64. Ng3 Kf4 65. Ne2+
Ke3 66. Nc1 Kd2 67. Nb3+ Kd3 68. Na5 Kd4 69. Nxb7 Kd5 70. Nd6 Ke6 71. Nc8 {Black
resigns} 1-0

[Event "Team 45 45 League T53"]
[Site "Internet Chess Club"]
[Date "2012.05.26"]
[Round "2"]
[White "Pason"]
[Black "mcplayerus"]
[Result "1/2-1/2"]
[WhiteElo "2025"]
[BlackElo "1984"]
[Opening "King's Indian: 5.Nf3"]
[ECO "E90"]
[Time "11:01:24"]
[TimeControl "2700+45"]

1. d4 Nf6 2. Nf3 g6 3. c4 Bg7 4. Nc3 d6 5. e4 O-O 6. h3 c5 7. d5 Nbd7 8. Bd3 a6
9. O-O Qb6 10. Rb1 Re8 11. Be3 Qa5 12. Qc2 Rb8 13. Rfe1 b5 14. Bf4 bxc4 15. Bxc4
Nb6 16. Bd3 Bd7 17. Qd2 Na4 18. Nxa4 Qxd2 19. Nxd2 Bxa4 20. b3 Bb5 21. Nc4 Nd7
22. a4 Bxc4 23. Bxc4 Ra8 24. Bd2 Reb8 25. f4 Bd4+ 26. Kf1 f6 27. Ke2 Kg7 28. Kf3
h5 29. Red1 a5 30. Bb5 Nb6 31. Be1 Ra7 32. Rbc1 Kf7 33. Rc2 e5 34. dxe6+ Kxe6
35. Rxd4 cxd4 36. Bf2 Rc8 37. Rxc8 Nxc8 38. Bxd4 Rc7 39. Bc4+ Ke7 40. Bc3 Rc5
41. Bd4 Rc7 42. Ke3 Rc6 43. Kd2 Rc7 44. Bd5 h4 45. Bf2 g5 46. f5 Rc5 47. Bxc5
dxc5 48. Kd3 Nb6 49. Be6 Kd6 50. Bc4 Ke5 51. Bb5 Kd6 52. Ke3 Ke5 53. Bc6 Kd6 54.
Bb5 Ke5 55. Bc6 Nc8 56. Bd5 Nb6 57. Bc6 Kd6 58. Bb5 Nc8 59. Bc4 Ke5 60. Bd5 Nb6
61. Bc6 {Game drawn by repetition} 1/2-1/2

[Event "Team 45 45 League T53"]
[Site "Internet Chess Club"]
[Date "2012.05.28"]
[Round "2"]
[White "L0-VE"]
[Black "poni"]
[Result "1-0"]
[WhiteElo "1980"]
[BlackElo "1857"]
[Opening "Queen's Pawn"]
[ECO "A41"]
[Time "14:04:42"]
[TimeControl "2700+45"]

1. d4 d6 2. Bf4 Nd7 3. Nf3 g6 4. e3 Bg7 5. h3 e5 6. Bh2 Ne7 7. Be2 O-O 8. O-O h6
9. c4 f5 10. c5 Kh7 11. cxd6 cxd6 12. Nc3 Nc6 13. a4 f4 14. dxe5 dxe5 15. exf4
exf4 16. Qd2 Nc5 17. Bxf4 Nb3 18. Qxd8 Rxd8 19. Rad1 Bf5 20. Rxd8 Rxd8 21. Rd1
Ncd4 22. Nxd4 Nxd4 23. Bb5 a6 24. Bc4 Rd7 25. a5 Nc6 26. Rxd7 Bxd7 27. Bc7 Bxc3
28. bxc3 Kg7 29. Kf1 Kf6 30. Ke2 Be6 31. Bxe6 Kxe6 32. Kd3 Kd5 33. c4+ Ke6 34.
Ke4 Kd7 35. Bb6 Kd6 36. g4 Ke6 37. f4 Ne7 38. c5 Nc6 39. f5+ gxf5+ 40. gxf5+ Kf6
41. h4 h5 42. Kf4 Nd4 43. Bd8+ Kf7 44. Kg5 Nc6 45. Bb6 Ne7 46. Bc7 Nd5 47. Be5
Ne3 48. f6 Nc4 49. Bc7 Ne3 50. Bd8 Nd5 51. Kxh5 Nf4+ 52. Kg4 Nd3 53. Be7 Ne5+
54. Kf5 Nc6 55. h5 Nd4+ 56. Kg5 Ne6+ 57. Kg4 Nd4 58. h6 Nc6 59. h7 Ne5+ 60. Kf5
Ng6 61. Bf8 b5 62. cxb6 Nh4+ 63. Kg5 Ng6 64. Bg7 {Black resigns} 1-0

[Event "Team 45 45 League T53"]
[Site "Internet Chess Club"]
[Date "2012.05.26"]
[Round "2"]
[White "expectnomercy"]
[Black "Killian"]
[Result "0-1"]
[WhiteElo "1778"]
[BlackElo "2037"]
[Opening "English: closed, Hort variation"]
[ECO "A25"]
[Time "16:15:02"]
[TimeControl "2700+45"]

1. c4 e5 2. g3 Nc6 3. Bg2 g6 4. Nc3 Bg7 5. e3 d6 6. Nge2 Be6 7. d3 Qd7 8. O-O
Bh3 9. Rb1 h5 10. Nd5 O-O-O 11. b4 h4 12. b5 Nb8 13. f4 hxg3 14. hxg3 Bxg2 15.
Kxg2 Qh3+ 16. Kf2 c6 17. bxc6 bxc6 18. Qb3 Kd7 19. Qb7+ Ke8 20. Nc7+ Kf8 21.
Qxa7 Nd7 22. Ba3 Nh6 23. Bxd6+ Kg8 24. Ke1 Nf5 25. Ba3 Nxg3 26. Nxg3 Qxg3+ 27.
Kd1 Rh2 28. Rb2 Rxb2 29. Bxb2 Qg2 30. Re1 Qxb2 {White resigns} 0-1

[Event "Team 45 45 League T53"]
[Site "Internet Chess Club"]
[Date "2012.05.26"]
[Round "2"]
[White "abishek"]
[Black "cheVelle"]
[Result "0-1"]
[WhiteElo "1862"]
[BlackElo "1998"]
[Opening "Ruy Lopez: Marshall, main line, 14...Qh3"]
[ECO "C89"]
[Time "16:41:34"]
[TimeControl "2700+45"]

1. e4 e5 2. Nf3 Nc6 3. Bb5 a6 4. Ba4 Nf6 5. O-O Be7 6. Re1 b5 7. Bb3 O-O 8. c3
d5 9. exd5 Nxd5 10. Nxe5 Nxe5 11. Rxe5 c6 12. d4 Bd6 13. Re1 Qh4 14. g3 Qh3 15.
Qd3 Bg4 16. Qf1 Qh5 17. Be3 Rae8 18. Nd2 Re6 19. Bd1 Bxd1 20. Raxd1 Rfe8 21. Qe2
Qxe2 22. Rxe2 Nxe3 23. Rxe3 Rxe3 24. fxe3 Rxe3 25. Kf2 Re8 26. Nb3 h5 27. d5 c5
28. Na5 c4 29. Nb7 Bc7 30. d6 Bb6+ 31. Kf3 Rb8 32. d7 Rxb7 33. d8=Q+ Bxd8 34.
Rxd8+ Kh7 35. Rd6 a5 36. Kf4 g6 37. h3 Kg7 38. g4 hxg4 39. hxg4 f6 40. Ke4 Re7+
41. Kf4 Re2 42. g5 fxg5+ 43. Kxg5 Rg2+ {White resigns} 0-1

[Event "Team 45 45 League T53"]
[Site "Internet Chess Club"]
[Date "2012.05.27"]
[Round "2"]
[White "CapitanTrueno"]
[Black "HumanTornado"]
[Result "1/2-1/2"]
[WhiteElo "1829"]
[BlackElo "1996"]
[Opening "Sicilian: Alapin's variation (2.c3)"]
[ECO "B22"]
[Time "10:40:45"]
[TimeControl "2700+45"]

1. e4 c5 2. c3 Nf6 3. e5 Nd5 4. Nf3 d6 5. exd6 Qxd6 6. d4 cxd4 7. Qxd4 Nc6 8.
Bb5 Bd7 9. Qe4 e6 10. O-O Be7 11. Nbd2 O-O 12. Nb3 a6 13. Bd3 Nf6 14. Qe2 h6 15.
Be3 Rac8 16. Nc5 Qc7 17. Nxd7 Nxd7 18. Rad1 Rfd8 19. Bc2 Nf6 20. Rxd8+ Rxd8 21.
Rd1 Bd6 22. h3 Bf4 23. Rxd8+ Nxd8 24. Bxf4 Qxf4 25. Qd2 Qxd2 {Game drawn by
mutual agreement} 1/2-1/2

[Event "Team 45 45 League T53"]
[Site "Internet Chess Club"]
[Date "2012.05.26"]
[Round "2"]
[White "goktrenks"]
[Black "tsia68"]
[Result "1/2-1/2"]
[WhiteElo "1858"]
[BlackElo "1804"]
[Opening "French: exchange variation"]
[ECO "C01"]
[Time "07:28:03"]
[TimeControl "2700+45"]

1. e4 e6 2. d4 d5 3. exd5 exd5 4. Nf3 Bg4 5. Be2 Bd6 6. Ne5 Bxe2 7. Qxe2 Qe7 8.
O-O Nf6 9. c3 h6 10. Bf4 O-O 11. Re1 Re8 12. Nd2 c6 13. Ndf3 Qc7 14. Bg3 Nbd7
15. Qc2 Ne4 16. Nxd7 Bxg3 17. hxg3 Qxd7 18. Ne5 Qf5 19. g4 Qg5 20. f3 Nd6 21.
Qf2 Re6 22. Nd3 Rae8 23. Nc5 Rxe1+ 24. Rxe1 Rxe1+ 25. Qxe1 Kf8 26. Nd7+ Kg8 27.
Nc5 {Game drawn by mutual agreement} 1/2-1/2

[Event "Team 45 45 League T53"]
[Site "Internet Chess Club"]
[Date "2012.05.24"]
[Round "2"]
[White "Killian"]
[Black "Eyechess"]
[Result "0-1"]
[WhiteElo "2031"]
[BlackElo "2101"]
[Opening "French: Tarrasch"]
[ECO "C03"]
[Time "16:00:44"]
[TimeControl "2700+45"]

1. e4 e6 2. d4 d5 3. Nd2 dxe4 4. Nxe4 Be7 5. c3 Nf6 6. Nxf6+ Bxf6 7. Nf3 b6 8.
Bd3 Bb7 9. Bf4 Nd7 10. Qe2 O-O 11. Be4 Bxe4 12. Qxe4 c5 13. O-O cxd4 14. Nxd4 e5
15. Nc6 Nc5 16. Qf3 Qe8 17. Bxe5 Bxe5 18. Rfe1 f6 19. Qd5+ Qf7 20. Qxf7+ Kxf7
21. Nxe5+ fxe5 22. Rxe5 Rfe8 23. Rxe8 Rxe8 24. Kf1 Na4 25. Rb1 Rd8 26. Ke2 Rd5
27. c4 Rd4 28. Ke3 Rxc4 29. b3 Rb4 30. Rc1 Nc5 31. f3 a5 32. Rd1 a4 33. bxa4
Rxa4 34. Rd2 Ra3+ 35. Ke2 Ke6 36. Rb2 Na4 {White resigns} 0-1

[Event "Team 45 45 League T53"]
[Site "Internet Chess Club"]
[Date "2012.05.27"]
[Round "2"]
[White "basmaniac"]
[Black "ramirozp"]
[Result "1/2-1/2"]
[WhiteElo "1784"]
[BlackElo "1756"]
[Opening "Sicilian"]
[ECO "B50"]
[Time "16:07:39"]
[TimeControl "2700+45"]

1. e4 c5 2. Nf3 d6 3. c3 Nf6 4. Be2 Nc6 5. d3 g6 6. O-O Bg7 7. d4 cxd4 8. cxd4
O-O 9. d5 Nb8 10. Nfd2 Nbd7 11. Nc3 a6 12. a4 Ne5 13. h3 b6 14. f4 Ned7 15. Nc4
Nc5 16. Bf3 Qc7 17. Qe2 Nb3 18. Ra3 Nd4 19. Qd3 Nxf3+ 20. Rxf3 Nd7 21. b4 a5 22.
Nb5 Qb8 23. bxa5 bxa5 24. Be3 Bb7 25. Bd4 Rc8 26. Bxg7 Kxg7 27. Qd4+ Kg8 28. e5
dxe5 29. Nxe5 Nxe5 30. fxe5 Rd8 31. Nc3 e6 32. Qf4 Rf8 33. Rd3 Bxd5 34. Nxd5
exd5 35. Rxd5 {Game drawn by mutual agreement} 1/2-1/2

[Event "Team 45 45 League T53"]
[Site "Internet Chess Club"]
[Date "2012.05.23"]
[Round "2"]
[White "prideofandhra"]
[Black "Portola"]
[Result "1-0"]
[WhiteElo "1450"]
[BlackElo "1772"]
[Opening "French: Rubinstein variation"]
[ECO "C10"]
[Time "21:07:26"]
[TimeControl "2700+45"]

1. e4 e6 2. d4 d5 3. Nc3 dxe4 4. Nxe4 Be7 5. Nf3 Nf6 6. Bd3 Nxe4 7. Bxe4 Nd7 8.
Qe2 Nf6 9. Bxb7 Rb8 10. Bxc8 Qxc8 11. b3 Bb4+ 12. Bd2 Bxd2+ 13. Nxd2 O-O 14. O-O
Rd8 15. Nf3 c5 16. dxc5 Qxc5 17. Rfd1 Rd5 18. c4 Rh5 19. Rd2 Qc7 20. Rad1 e5 21.
g3 h6 22. Rd6 Re8 23. Ne1 Rf5 24. Nc2 e4 25. Ne3 Rf3 26. R6d4 Qe5 27. Qc2 Qg5
28. R1d2 h5 29. Nd5 e3 30. Nxe3 Rfxe3 31. fxe3 Qxe3+ 32. Kg2 g6 33. Qd3 Qe7 34.
Rd8 Kg7 35. Rxe8 Qxe8 36. Qd4 Qc6+ 37. Kg1 Kg8 38. Qd6 {Black resigns} 1-0

[Event "Team 45 45 League T53"]
[Site "Internet Chess Club"]
[Date "2012.05.26"]
[Round "2"]
[White "rahulr"]
[Black "mellizas2003"]
[Result "0-1"]
[WhiteElo "1588"]
[BlackElo "1661"]
[Opening "French: Tarrasch, closed variation"]
[ECO "C05"]
[Time "12:00:46"]
[TimeControl "2700+45"]

1. e4 e6 2. d4 d5 3. Nd2 Nf6 4. e5 Nfd7 5. Bd3 c5 6. b3 Nc6 7. f4 Nxd4 8. c3 Nc6
9. Ngf3 Qb6 10. c4 Qb4 11. O-O Qc3 12. Qc2 Qxa1 13. Ba3 Nd4 {White resigns} 0-1

[Event "Team 45 45 League T53"]
[Site "Internet Chess Club"]
[Date "2012.05.24"]
[Round "2"]
[White "PandorasBox"]
[Black "lasker25"]
[Result "0-1"]
[WhiteElo "1900"]
[BlackElo "1952"]
[Opening "English: closed system"]
[ECO "A26"]
[Time "18:00:37"]
[TimeControl "2700+45"]

1. c4 e5 2. g3 Nc6 3. Bg2 g6 4. Nc3 Bg7 5. d3 d6 6. Nf3 f5 7. Qb3 Nf6 8. Bg5 h6
9. Bxf6 Qxf6 10. Nd5 Qf7 11. e3 O-O 12. Nd2 Nd8 13. O-O c6 14. Nc3 Ne6 15. Qc2
Qc7 16. Rad1 Bd7 17. Nb3 a5 18. a4 Qb6 19. Rd2 f4 20. exf4 exf4 21. Ne4 d5 22.
c5 Qb4 23. Nd6 Nd4 24. Nxd4 Bxd4 25. Rdd1 Rab8 26. Rc1 Rf6 27. b3 Rbf8 28. g4
Bxg4 29. Nb5 f3 30. Nxd4 fxg2 31. Kxg2 Qxd4 32. f4 Rxf4 33. Rxf4 Qxf4 34. Re1
Bh3+ {White resigns} 0-1

[Event "Team 45 45 League T53"]
[Site "Internet Chess Club"]
[Date "2012.05.26"]
[Round "2"]
[White "creditordebit"]
[Black "Muravey"]
[Result "0-1"]
[WhiteElo "1858"]
[BlackElo "2125"]
[Opening "Scandinavian defense"]
[ECO "B01"]
[Time "20:14:26"]
[TimeControl "2700+45"]

1. e4 d5 2. exd5 Nf6 3. Nf3 Nxd5 4. Bc4 Bf5 5. d4 e6 6. O-O Be7 7. Nc3 Nc6 8.
Nxd5 exd5 9. Bb3 O-O 10. Bf4 Bd6 11. Ne5 Bxe5 12. dxe5 d4 13. Qf3 Qd7 14. h3 Na5
15. g4 Be6 16. Rad1 c5 17. Bxe6 fxe6 18. Qe4 Qc6 19. Rfe1 Qxe4 20. Rxe4 Nc6 21.
Kg2 Rad8 22. a3 Rd5 23. Bh2 c4 24. f4 Rb5 25. Rb1 c3 26. b3 Rd8 27. Rd1 Kf7 28.
a4 Rbd5 29. Bg1 d3 30. cxd3 Rxd3 31. Rc1 Rd2+ 32. Kf3 c2 33. Be3 R8d3 34. Rc4
Rxb3 35. h4 Rh2 36. Re4 Rb1 37. Kg3 Re2 38. Kf3 Rxe3+ {White resigns} 0-1

[Event "Team 45 45 League T53"]
[Site "Internet Chess Club"]
[Date "2012.05.25"]
[Round "2"]
[White "rayonline53"]
[Black "KyleMayhugh"]
[Result "0-1"]
[WhiteElo "1581"]
[BlackElo "1563"]
[Opening "Queen's pawn game, Darooha variation "]
[ECO "D02"]
[Time "14:31:22"]
[TimeControl "2700+45"]

1. d4 d5 2. Nf3 Nf6 3. g3 c6 4. Bg2 Bf5 5. Nc3 e6 6. O-O Bb4 7. Nb1 Nbd7 8. c3
Bd6 9. Re1 Qc7 10. Nbd2 h6 11. Nh4 Bh7 12. e4 dxe4 13. Nxe4 g5 14. Nxd6+ Qxd6
15. Nf3 O-O-O 16. Be3 Nd5 17. Ne5 Nxe5 18. dxe5 Nxe3 19. exd6 Nxd1 20. Raxd1 Rd7
21. c4 c5 22. a3 Rhd8 23. Re5 Rxd6 24. Rxc5+ Kb8 25. Rxd6 Rxd6 26. h3 Rd1+ 27.
Kh2 Rd2 28. Rb5 b6 29. Kg1 Rd1+ 30. Kh2 Rd2 31. Kg1 Bd3 32. Rb4 Rc2 33. b3 Kc7
34. Rb5 f6 35. a4 Rc3 36. a5 Bc2 37. axb6+ axb6 38. h4 Rxb3 39. hxg5 hxg5 40.
Bh3 Rxb5 41. cxb5 e5 42. Bg2 Kd6 43. Bc6 Ba4 44. Kg2 Kc5 45. g4 Bxb5 46. Be4 Bc6
{White resigns} 0-1